 Dungeon Crawl Stone Soup version 0.22-a0-307-g2b15929 (webtiles) character file.

3596 Amnesiac the Grappler (level 9, 0/61 HPs)
             Began as a Demonspawn Gladiator on Apr 1, 2018.
             Was a Believer of Okawaru.
             Slain by an ice beast (4 damage)
             ... on level 8 of the Dungeon.
             The game lasted 00:08:12 (7040 turns).

Amnesiac the Grappler (Demonspawn Gladiator)        Turns: 7040, Time: 00:08:13

Health: 0/61       AC: 10    Str: 18    XL:     9   Next: 85%
Magic:  0/18       EV:  9    Int:  9    God:    Okawaru [**....]
Gold:   441        SH:  0    Dex: 15    Spells: 8/8 levels left

rFire    . . .     SeeInvis .     - Unarmed
rCold    . . .     Gourm    +   (no shield)
rNeg     . . .     Faith    .   q - +0 chain mail
rPois    +         Spirit   +   b - +0 helmet
rElec    .         Reflect  .   (no cloak)
rCorr    .         Harm     .   n - +0 pair of gloves
MR       .....                  (no boots)
Stlth    ..........             y - amulet of the gourmand
HPRegen  0.20/turn              a - ring of magical power
MPRegen  0.32/turn              p - ring of poison resistance

@: no status effects
A: spiny 1, magic shield, magic regeneration, sturdy frame 1
a: Heroism, Renounce Religion


You were on level 8 of the Dungeon.
You worshipped Okawaru.
Okawaru was pleased with you.
You were completely stuffed.

You visited 2 branches of the dungeon, and saw 9 of its levels.

You collected 441 gold pieces.

Inventory:

Missiles
 c - 3 throwing nets (quivered)
 g - 4 needles of paralysis
 m - 13 poisoned needles
Armour
 b - a +0 helmet (worn)
 e - a +0 ring mail
 n - a +0 pair of gloves (worn)
 q - a +0 chain mail (worn)
Jewellery
 a - a ring of magical power (left hand)
 p - a ring of poison resistance (right hand)
 y - an amulet of the gourmand (around neck)
Wands
 f - a wand of flame (24)
 A - a wand of random effects (27)
 D - a wand of iceblast (11)
Scrolls
 h - a scroll of immolation {!r, unknown}
 i - a scroll of magic mapping {!r, unknown}
 j - 2 scrolls of amnesia {!r, unknown}
 l - 5 scrolls of identify {!r, unknown}
 o - 6 scrolls of remove curse {!r, unknown}
 w - 5 scrolls of teleportation {!r, unknown}
 x - 2 scrolls of fear {!r, unknown}
 C - a scroll of enchant weapon {!r, unknown}
 F - a scroll of brand weapon {!r, unknown}
Potions
 k - a potion of mutation {!q, unknown}
 r - 4 potions of curing {!q, unknown}
 s - a potion of agility {!q}
 t - 2 potions of lignification {!q, unknown}
 u - a potion of flight {!q, unknown}
 v - 3 potions of haste {!q, unknown}
 z - 2 potions of cancellation {!q, unknown}
 B - a potion of invisibility {!q, unknown}
 E - a potion of might {!q, unknown}
Comestibles
 d - 13 rations


   Skills:
 - Level 2.0 Fighting
 - Level 1.7 Throwing
 - Level 2.6 Dodging
 + Level 12.9 Unarmed Combat


You had 8 spell levels left.
You didn't know any spells.

Dungeon Overview and Level Annotations

Branches:
Dungeon (8/15)             Temple (1/1) D:6
   Lair: D:8-11

Altars:
Ashenzari
Cheibriados
Gozag
Kikubaaqudgha
Makhleb
Nemelex Xobeh
Okawaru
Qazlal
Ru
Sif Muna
Trog
Vehumet
Wu Jian
Xom
Yredelemnul
Zin
The Shining One


Innate Abilities, Weirdness & Mutations

You are partially covered in sharp spines.
When hurt, damage is shared between your health and your magic reserves.
You regenerate magic rapidly.
Your movements are slightly less encumbered by armour. (ER -2)


Message History

A two-headed ogre comes into view. It is wielding two giant spiked clubs.
A two-headed ogre is nearby!
Found a wand of random effects (43).
An orc comes into view. It is wielding a falchion.
You completely miss the orc. The orc is struck by your spines.
The orc hits you but does no damage.
You hit the orc but do no damage.
The orc is moderately wounded.
You closely miss the orc.
The orc is moderately wounded.
The orc is struck by your spines. The orc barely misses you.
You hit the orc.
The orc is heavily wounded.
The orc is struck by your spines.
You kill the orc!
Okawaru accepts your kill.
You see here a falchion.
The two-headed ogre shouts in stereo!
Found a stone staircase leading up.
There is a stone staircase leading up here.
You climb upwards.
There is a stone staircase leading down here.
You see here 5 bolts.
There is a stone staircase leading down here.
You start resting.
Eating one of 7 chunks of flesh.
You eat one of the 7 chunks of flesh.
This raw flesh tastes great.
Some of the chunks of flesh in your inventory have rotted away.
HP restored.
You climb downwards.
Found a scroll labeled BUKHOMIDDE.
There is a stone staircase leading up here.
o - 6 scrolls labeled BUKHOMIDDE {!r} (gained 1)
The two-headed ogre is too close now for your liking.
A two-headed ogre is nearby!
A two-headed ogre is nearby!
You punch the two-headed ogre!
The two-headed ogre is moderately wounded.
The two-headed ogre closely misses you.
The two-headed ogre hits you with a giant spiked club.
You punch the two-headed ogre!
The two-headed ogre is heavily wounded.
You closely miss the two-headed ogre.
The two-headed ogre is heavily wounded.
The two-headed ogre hits you with a giant spiked club!
The two-headed ogre hits you with a giant spiked club!!
* * * LOW HITPOINT WARNING * * *
You closely miss the two-headed ogre.
The two-headed ogre is heavily wounded.
You punch the two-headed ogre!
The two-headed ogre is severely wounded.
The two-headed ogre hits you with a giant spiked club!!
* * * LOW HITPOINT WARNING * * *
The two-headed ogre hits you with a giant spiked club!
* * * LOW HITPOINT WARNING * * *
Okay, then.
All of the chunks of flesh in your inventory have rotted away.
An ice beast comes into view.
The ice beast barely misses you.
There is a stone staircase leading up here.
The ice beast is struck by your spines. The ice beast hits you.
* * * LOW HITPOINT WARNING * * *
The ice beast freezes you!
You die...

### ##.#......#..#.# ..
.........#..#.# #
########..###.#..#.#
######..........O.....#.#
.....'....###..###.#..#.########
######)...#......#..#.#.........
..........#....#O#..#...#######.
#####.#+#.#.....Y...#.#.# # #.#
#.#.....@..##.#.# $ ...
#.##.########.#.# ..
...................#.#
#####/###.##.##########.# O #.#
# #. #.# ... #.# #<#
............... ......'########


You could see a two-headed ogre and an ice beast.

Vanquished Creatures
  Grinder (D:3)
  Sigmund (D:3)
  A spriggan (D:7)
  Eustachio (D:4)
  A hungry ghost (D:6)
  Menkaure (D:4)
  4 ice beasts
  5 orc warriors
  A phantom (D:4)
  2 black bears
  3 centaurs
  A bullfrog (D:7)
  2 scorpions
  5 killer bees (D:7)
  A crimson imp (D:7)
  3 hounds
  3 orc priests
  A bullfrog skeleton (D:4)
  5 orc wizards
  A centaur skeleton (D:3)
  3 iguanas
  Natasha (thrice) (D:3 D:5)
  4 worker ants
  A hound skeleton (D:5)
  Robin (D:4)
  A howler monkey zombie (D:5)
  3 gnolls
  10 adders
  3 shadow imps
  A worm (D:3)
  5 leopard geckos
  25 orcs
  2 bats (D:1)
  2 giant cockroaches
  18 goblins
  7 hobgoblins
  11 jackals
  4 kobolds
  6 quokkas
  A ball python (D:3)
  A ball python skeleton (D:5)
  2 frilled lizards
  A leopard gecko skeleton (D:4)
  A quokka skeleton (D:4)
  5 rats
164 creatures vanquished.

Notes
Turn   | Place    | Note
-------+----------+-------------------------------------------
     0 | D:1      | Amnesiac the Demonspawn Gladiator began the quest for the Orb.
     0 | D:1      | Reached XP level 1. HP: 16/16 MP: 1/1
   155 | D:1      | Reached skill level 3 in Unarmed Combat
   202 | D:1      | Gained mutation: You are partially covered in sharp spines. [demonic ancestry]
   202 | D:1      | Reached XP level 2. HP: 9/22 MP: 2/2
   704 | D:1      | Gained mutation: When hurt, damage is shared between your health and your magic reserves. [demonic ancestry]
   704 | D:1      | Reached XP level 3. HP: 21/27 MP: 3/3
   935 | D:1      | Reached skill level 4 in Unarmed Combat
  1483 | D:2      | Found a glowing golden altar of the Shining One.
  1584 | D:3      | Reached XP level 4. HP: 33/33 MP: 4/4
  1623 | D:3      | Noticed Natasha
  1638 | D:3      | Killed Natasha
  1697 | D:3      | Noticed Natasha
  1702 | D:3      | Killed Natasha
  1702 | D:3      | Reached skill level 5 in Unarmed Combat
  1754 | D:3      | Noticed Grinder
  1764 | D:3      | Paralysed by Grinder for 4 turns
  1770 | D:3      | Paralysed by Grinder for 4 turns
  1778 | D:3      | Paralysed by Grinder for 5 turns
  1994 | D:3      | Killed Grinder
  1994 | D:3      | Reached skill level 6 in Unarmed Combat
  1994 | D:3      | Gained mutation: Your movements are slightly less encumbered by armour. (ER -2) [demonic ancestry]
  1994 | D:3      | Reached XP level 5. HP: 3/38 MP: 2/5
  1994 | D:3      | Reached XP level 6. HP: 4/44 MP: 2/6
  2379 | D:3      | Noticed Sigmund
  2409 | D:3      | Killed Sigmund
  2409 | D:3      | Reached skill level 7 in Unarmed Combat
  2409 | D:3      | Gained mutation: You regenerate magic rapidly. [demonic ancestry]
  2409 | D:3      | Reached XP level 7. HP: 23/50 MP: 7/7
  3020 | D:4      | Reached skill level 8 in Unarmed Combat
  3084 | D:4      | Noticed Robin
  3106 | D:4      | Killed Robin
  3299 | D:4      | Noticed Eustachio
  3330 | D:4      | Killed Eustachio
  3442 | D:4      | Reached skill level 9 in Unarmed Combat
  3442 | D:4      | Reached XP level 8. HP: 47/56 MP: 8/8
  3820 | D:4      | Noticed Menkaure
  3826 | D:4      | Killed Menkaure
  3915 | D:5      | Entered Level 5 of the Dungeon
  4109 | D:5      | Noticed Natasha
  4114 | D:5      | Killed Natasha
  4541 | D:5      | Found a stormy altar of Qazlal.
  4862 | D:6      | Reached skill level 10 in Unarmed Combat
  4886 | D:6      | Found a staircase to the Ecumenical Temple.
  4901 | Temple   | Entered the Ecumenical Temple
  4929 | Temple   | Became a worshipper of Warmaster Okawaru
  4961 | D:6      | Found a shattered altar of Ashenzari.
  4978 | D:6      | Found a deep blue altar of Sif Muna.
  5005 | D:6      | Found an ancient bone altar of Kikubaaqudgha.
  5102 | D:6      | Reached * piety under Okawaru
  5102 | D:6      | Reached skill level 11 in Unarmed Combat
  5102 | D:6      | Reached XP level 9. HP: 7/61 MP: 5/9
  5458 | D:6      | Found a burning altar of Makhleb.
  5916 | D:7      | Found an opulent altar of Gozag.
  6248 | D:7      | Reached skill level 12 in Unarmed Combat
  6448 | D:7      | Found an opulent altar of Gozag.
  6784 | D:8      | Reached ** piety under Okawaru
  6865 | D:8      | Noticed a two-headed ogre
  7023 | D:8      | HP: 1/61 [two-headed ogre/giant spiked club (13)]
  7040 | D:8      | Slain by an ice beast

Vault maps used:
D:1:      matt_arrival_los_fun, st_stairs_10, nrook_mini_vaults
D:2:      tso_altar, first_ration
D:3:      uniq_grinder, uniq_sigmund, uniq_natasha
D:4:      uniq_eustachio, uniq_menkaure, uniq_robin
D:5:      grunt_qazlal_clouds, hangedman_abyss_or_decor_stagger, feat_on_display
D:6:      kiku_gazebo_pond_becter, lightli_temple_of_fire,
          nicolae_ashenzari_panopticon, minmay_temple_entry_statues_pillars,
          basic_altar
D:7:      lemuel_doored_altar, basic_altar, minmay_misc_feat_tiny, the_bakery
D:8:      minivault_11, uniq_psyche
Temple:   regret_index_temple_waves

Skill      XL: |  1  2  3  4  5  6  7  8  9 |
---------------+----------------------------+-----
Unarmed Combat | 3 4 6 7 9 11 12 | 12.9
Fighting       | |  2.0
Throwing       | |  1.7
Dodging        | |  2.6

Action                   |  1- 3 |  4- 6 |  7- 9 || total
-------------------------+-------+-------+-------++-------
Melee: Unarmed           |   101 |   105 |   355 ||   561
       Punch             |     2 |     3 |    14 ||    19
  Eat: Chunk             |     2 |     3 |    33 ||    38
Armor: Ring mail         |    30 |       |       ||    30
       Chain mail        |    11 |    41 |   124 ||   176
Dodge: Dodged            |    40 |    28 |   121 ||   189

Table legend:
 A = Spawn XP
 B = Non-spawn XP
 C = Spawn XP percentage of total XP
 D = Spawn monster count
 E = Non-spawn monster count
 F = Spawn count percentage of total count
 G = Total turns spent on level
                    A         B        C        D         E        F      G
               +---------+---------+-------+---------+---------+-------+---------
         Total |       0 |    5138 |   0.0 |       0 |     164 |   0.0 |  7040
               +---------+---------+-------+---------+---------+-------+---------
           D:1 |       0 |      57 |   0.0 |       0 |      23 |   0.0 |  1033
           D:2 |       0 |      37 |   0.0 |       0 |       8 |   0.0 |   546
           D:3 |       0 |     762 |   0.0 |       0 |      29 |   0.0 |  1019
           D:4 |       0 |     791 |   0.0 |       0 |      29 |   0.0 |  1571
           D:5 |       0 |     365 |   0.0 |       0 |      20 |   0.0 |   677
           D:6 |       0 |     883 |   0.0 |       0 |      18 |   0.0 |   752
           D:7 |       0 |    1279 |   0.0 |       0 |      18 |   0.0 |  1183
           D:8 |       0 |     964 |   0.0 |       0 |      19 |   0.0 |   210
               +---------+---------+-------+---------+---------+-------+---------
